 Dungeon Crawl Stone Soup version 0.28.0 (webtiles) character file.

Game seed: 10567695263535013893

620 Cykl0x the Digger (level 7, -5/41 HPs)
             Began as a Gargoyle Earth Elementalist on Feb 7, 2022.
             Was an Initiate of Elyvilon.
             Slain by an ogre (27 damage)
             ... on level 5 of the Dungeon.
             The game lasted 00:11:51 (5308 turns).

Cykl0x the Digger (Gargoyle Earth Elementalist)     Turns: 5308, Time: 00:11:52

Health: -5/41      AC:  8    Str: 12    XL:     7   Next: 46%
Magic:  1/12       EV: 11    Int: 17    God:    Elyvilon [......]
Gold:   187        SH:  0    Dex: 10    Spells: 7/13 levels left

rFire   . . .      SeeInvis .   i - +0 dagger
rCold   . . .      Faith    .   (no shield)
rNeg    + . .      Spirit   .   a - +0 leather armour
rPois   ∞          Reflect  .   (no helmet)
rElec   +          Harm     .   (no cloak)
rCorr   .          Rampage  .   (no gloves)
Will    .....                   (no boots)
Stlth   ++........              (no amulet)
HPRegen 0.13/turn               (no ring)
MPRegen 0.13/turn               (no ring)

@: no status effects
A: sickness immunity, AC +4, negative energy resistance 1, electricity
resistance, torment resistance 1, petrification resistance
a: Renounce Religion


You were on level 5 of the Dungeon.
You worshipped Elyvilon.
Elyvilon was noncommittal.
You visited 1 branch of the dungeon, and saw 5 of its levels.

You collected 187 gold pieces.

Inventory:

Hand Weapons
 d - a +1 short sword of chaos
 i - a +0 dagger (weapon)
Missiles
 c - 129 stones
Armour
 a - a +0 leather armour (worn)
 b - a +0 robe
 n - a +0 ring mail
Jewellery
 h - an amulet of magic regeneration
 k - the amulet "Qycalum" {RegenMP *Corrode MP+9 Dex+3}
   (You found it on level 3 of the Dungeon)

   [amulet of magic regeneration]

   It increases your rate of magic regeneration.
   Dex:       It affects your dexterity (+3).
   MP:        It affects your magic capacity (+9).
   *Corrode:  It may corrode you when you take damage.
 q - an amulet of the acrobat
Wands
 g - a wand of flame (31)
 o - a wand of iceblast (5)
 w - a wand of digging (7)
Scrolls
 f - a scroll of teleportation
 l - a scroll of enchant weapon {unknown}
 m - a scroll of identify
 p - a scroll of magic mapping {unknown}
 s - a scroll of fear {unknown}
 u - a scroll of enchant armour {unknown}
 v - a scroll of holy word {unknown}
 x - a scroll of amnesia {unknown}
Potions
 e - a potion of heal wounds
 j - 4 potions of curing
 r - 2 potions of resistance {unknown}
 t - a potion of might {unknown}


   Skills:
 * Level 3.1 Fighting
 + Level 0.8 Short Blades
 + Level 2.1 Armour
 + Level 2.0 Dodging
 - Level 2.1 Stealth
 + Level 3.5 Spellcasting
 + Level 3.9 Conjurations
 - Level 0.7 Transmutations
 + Level 5.9 Earth Magic


You had 7 spell levels left.
You knew the following spells:

 Your Spells              Type           Power      Damage    Failure   Level
a - Sandblast             Erth           46%        2d11      1%          1
b - Stone Arrow           Conj/Erth      38%        3d9       9%          3
c - Passwall              Tmut/Erth      11%        N/A       9%          2

Your spell library contained the following spells:

 Spells                   Type           Power      Damage    Failure   Level
 Pain                     Necr           12%        1d4       22%         1
 Petrify                  Tmut/Erth      14%        N/A       47%         4
 Agony                    Necr           3%         N/A       99%         5
 Excruciating Wounds      Necr           1%         N/A       99%         5


Dungeon Overview and Level Annotations

Branches:
Dungeon (5/15)
 Temple: D:4-7

Altars:
Elyvilon
Kikubaaqudgha
Qazlal
Trog
Zin


Innate Abilities, Weirdness & Mutations

You are immune to sickness and miasma.
Your stone body is resilient. (AC +4)
You are immune to poison.
You resist negative energy. (rN+)
You are resistant to electric shocks. (rElec)
You are resistant to unholy torment.
You are immune to petrification.


Message History

You can't see any susceptible monsters within range! (Use Z to cast anyway.)
Found a scroll labelled ILEOTHRU NAFIU.
The stone arrow hits Menkaure!
Menkaure is heavily damaged.
An adder comes into view.
The stone arrow hits Menkaure!
You destroy Menkaure!
The adder hisses angrily.
Your Fighting skill increases to level 3!
The stone arrow hits the adder!
You kill the adder!
No target in view!
You see here an adder corpse.
x - a scroll labelled ILEOTHRU NAFIU
c - 129 stones (gained 19)
Found a robe.
You see here a +0 robe.
Found a robe.
An ogre and a white imp come into view.
The ogre shouts!
The white imp gestures at you. The puff of frost misses you.
You can't see any susceptible monsters within range! (Use Z to cast anyway.)
The stone arrow misses the white imp.
The stone arrow hits the white imp!
You kill the white imp!
The stone arrow misses the ogre.
The stone arrow hits the ogre!
The ogre is heavily wounded.
The ogre hits you with a +0 giant club.
You hit the ogre.
The ogre is severely wounded.
You barely miss the ogre.
The ogre is severely wounded.
The ogre hits you with a +0 giant club!
You hit the ogre.
The ogre is severely wounded.
The ogre hits you with a +0 giant club!!
Ouch! That really hurt!
You die...

#.# ...
#######.###
.........
#......#
#......#
#....O.#
#.#$...@.#######
...........[...#
#######
.#.####.######.#
....... #... #.#
....... #[...
#.# .......
#....#
#.#........
#....#
#.#........
##+###
#.#........
#.#........


You could see an ogre.

Vanquished Creatures
  Menkaure (D:5)
  A black bear (D:4)
  An ogre (D:3)
  A centaur (D:3)
  A hound (D:4)
  Ijyb (D:5)
  2 iguanas (D:4)
  A gnoll (D:1)
  5 adders
  A white imp (D:5)
  A worm (D:3)
  3 dart slugs
  7 bats
  5 endoplasms
  4 giant cockroaches
  6 goblins
  9 hobgoblins
  2 jackals (D:2)
  4 kobolds
  4 quokkas
  8 ball pythons
  A frilled lizard (D:3)
  6 rats
  A spectral goblin (D:3)
76 creatures vanquished.

Vanquished Creatures (others)
  2 plants (D:3)
2 creatures vanquished.

Grand Total: 78 creatures vanquished

Notes
Turn   | Place    | Note
-------+----------+-------------------------------------------
     0 | D:1      | Cykl0x the Gargoyle Earth Elementalist began the quest for
                  | the Orb.
     0 | D:1      | Reached XP level 1. HP: 10/10 MP: 3/3
    67 | D:1      | Reached skill level 1 in Conjurations
   316 | D:1      | Reached XP level 2. HP: 15/15 MP: 1/5
   548 | D:1      | Reached skill level 4 in Earth Magic
   548 | D:1      | Reached XP level 3. HP: 20/20 MP: 4/6
   552 | D:1      | Learned a level 3 spell: Stone Arrow
   947 | D:1      | Learned a level 2 spell: Passwall
  2130 | D:2      | Reached skill level 1 in Fighting
  2209 | D:2      | Reached XP level 4. HP: 25/25 MP: 3/7
  2640 | D:3      | Identified the amulet "Qycalum" {RegenMP *Corrode MP+9
                  | Dex+3}
  2646 | D:3      | Reached skill level 1 in Armour
  2768 | D:3      | Found a faded altar of an unknown god.
  2771 | D:3      | Found a glowing silver altar of Zin.
  2931 | D:3      | Noticed a centaur
  2944 | D:3      | Killed a centaur
  2945 | D:3      | Reached XP level 5. HP: 4/30 MP: 1/8
  3031 | D:3      | Noticed an ogre
  3048 | D:3      | Killed an ogre
  3049 | D:3      | Reached skill level 5 in Earth Magic
  3049 | D:3      | Reached XP level 6. HP: 17/35 MP: 0/10
  3262 | D:3      | Found a stormy altar of Qazlal.
  3283 | D:3      | Found a bloodstained altar of Trog.
  3349 | D:3      | Found a faded altar of an unknown god.
  3503 | D:4      | Noticed a black bear
  3508 | D:4      | Killed a black bear
  4282 | D:4      | Reached XP level 7. HP: 39/40 MP: 2/11
  4471 | D:4      | Found an ancient bone altar of Kikubaaqudgha.
  4896 | D:4      | Found a white marble altar of Elyvilon.
  4899 | D:4      | Became a worshipper of Elyvilon the Healer
  5063 | D:5      | Entered Level 5 of the Dungeon
  5079 | D:5      | Noticed Ijyb
  5084 | D:5      | Killed Ijyb
  5192 | D:5      | Noticed Menkaure
  5197 | D:5      | Killed Menkaure
  5308 | D:5      | Slain by an ogre

Illustrated notes

Levels and vault maps discovered:
D:1:      lightli_iron_boxes, layout_loops_cross,
          chequers_serial_rivers_large_a, item_on_display_a
D:2:      layout_loops_ring, chequers_serial_rivers_room_b, minivault_14
D:3:      cheibrodos_old_hovel, layout_rooms, bloody_trog,
          nicolae_overflow_ecumenical_swirl, grunt_qazlal_clouds,
          dreamdust_ecumenical_altar_drowned_temple, minmay_misc_feat_columns,
          chequers_mini_garden
D:4:      layout_basic, amcnicky_altar_gilded, kennysheep_mini,
          roderic_lattice_a
D:5:      layout_basic, uniq_menkaure, uniq_ijyb, uniq_crazy_yiuf_cottage

Skill      XL: |  1  2  3  4  5  6  7 |
---------------+----------------------+-----
Conjurations   | 1 2 3 |  3.9
Earth Magic    | 4 5 |  5.9
Fighting       | 1 2 3 |  3.1
Armour         | 1 2 |  2.1
Dodging        | 2 |  2.0
Spellcasting   | 3 |  3.5
Short Blades   | |  0.8
Stealth        | |  2.1
Transmutations | |  0.7

Action                   |  1- 3 |  4- 6 |  7- 9 || total
-------------------------+-------+-------+-------++-------
Melee: Unarmed           |     7 |       |       ||     7
       Short sword       |    23 |     2 |       ||    25
       Dagger            |       |    22 |    14 ||    36
 Cast: Sandblast         |    32 |    19 |       ||    51
       Stone Arrow       |    13 |    23 |    19 ||    55
       Passwall          |     2 |       |       ||     2
  Use: Scroll            |     3 |     3 |       ||     6
Armor: Leather armour    |    21 |    19 |     4 ||    44
Dodge: Dodged            |    24 |    28 |     8 ||    60
